 Dungeon Crawl Stone Soup version 0.28-a0-1412-gf95308ed99 (webtiles) character file.

Game seed: 15666853978535041452

3335 HallandMoats the Skirmisher (level 10, -13/84 HPs)
             Began as a Ghoul Fighter on Jan 6, 2022.
             Was a Priest of Okawaru.
             Mangled by a two-headed ogre (17 damage)
             ... on level 8 of the Dungeon.
             The game lasted 00:10:26 (8680 turns).

HallandMoats the Skirmisher (Ghoul Fighter)         Turns: 8680, Time: 00:10:26

Health: -13/84     AC: 15    Str: 21    XL:     10   Next: 2%
Magic:  12/12      EV: 15    Int:  5    God:    Okawaru [***...]
Gold:   333        SH:  4    Dex: 10    Spells: 9/9 levels left

rFire   . . .      SeeInvis .     - Unarmed
rCold   + . .      Faith    .   k - +0 buckler {AC+3}
rNeg    + + +      Spirit   .   b - +0 scale mail
rPois   ∞          Reflect  .   (no helmet)
rElec   .          Harm     .   (no cloak)
rCorr   .          Rampage  .   l - +0 pair of gloves
Will    .....                   (no boots)
Stlth   ..........              (no amulet)
HPRegen 0.00/turn               n - +4 ring of protection
MPRegen 0.13/turn               z - +4 ring of evasion

@: inhibited regen, invisible
A: claws 1, cold resistance 1, negative energy resistance 3, inhibited
regeneration, torment resistance 2
a: Renounce Religion, Heroism


You were on level 8 of the Dungeon.
You worshipped Okawaru.
Okawaru was most pleased with you.
You visited 2 branches of the dungeon, and saw 9 of its levels.
You also visited: Sewer.

You collected 333 gold pieces.

Inventory:

Hand Weapons
 a - a +6 hunting sling of flaming
Armour
 b - a +0 scale mail (worn)
 k - a +0 buckler of protection (worn)
 l - a +0 pair of gloves (worn)
Jewellery
 n - a +4 ring of protection (left hand)
 u - a +4 ring of evasion
 z - a +4 ring of evasion (right hand)
Wands
 f - a wand of digging (3)
 q - a wand of iceblast (16)
 F - a wand of acid (8)
Scrolls
 d - 2 scrolls of fear {unknown}
 g - 3 scrolls of blinking {unknown}
 h - 3 scrolls of holy word {unknown}
 i - 5 scrolls of vulnerability {unknown}
 o - a scroll of immolation {unknown}
 r - 2 scrolls of teleportation {unknown}
 s - a scroll of summoning {unknown}
 y - a scroll of enchant weapon {unknown}
 A - a scroll of enchant armour {unknown}
 C - a scroll of brand weapon {unknown}
 E - 3 scrolls of identify
 G - a scroll of noise {unknown}
Potions
 c - a potion of heal wounds
 e - 3 potions of cancellation
 j - a potion of flight {unknown}
 m - 5 potions of curing {unknown}
 p - a potion of haste
 t - 3 potions of invisibility
 v - a potion of experience {unknown}
 w - 2 potions of mutation {unknown}
 x - 2 potions of brilliance {unknown}
 B - a potion of lignification {unknown}
 D - a potion of magic {unknown}


   Skills:
 + Level 6.8 Fighting
 * Level 5.9 Slings
 + Level 5.7 Armour
 + Level 4.8 Dodging
 - Level 4.7 Shields
 - Level 4.8 Unarmed Combat
 + Level 4.8 Invocations


You had 9 spell levels left.
You didn't know any spells.
Your spell library contained the following spells:

 Spells                   Type           Power      Damage    Failure   Level
 Apportation              Tloc           0%         N/A       87%         1
 Gell's Gravitas          Tloc           0%         N/A       99%         3
 Lesser Beckoning         Tloc           0%         N/A       99%         3
 Teleport Other           Tloc           0%         N/A       99%         3
 Animate Skeleton         Necr           Unusable   N/A       N/A         1
 Summon Small Mammal      Summ           Unusable   N/A       N/A         1

Dungeon Overview and Level Annotations

Branches:
Dungeon (8/15)             Temple (1/1) D:5           Sewer (visited)
   Lair: D:8-11

Altars:
Ashenzari
Cheibriados
Dithmenos
Fedhas
Hepliaklqana
Kikubaaqudgha
Makhleb
Nemelex Xobeh
Okawaru
Qazlal
Ru
Trog
Uskayaw
Vehumet
Wu Jian
Xom
Yredelemnul
Zin
The Shining One


Innate Abilities, Weirdness & Mutations

You thrive by killing the living.
You are immune to poison.
You have sharp fingernails.
Your flesh is cold resistant. (rC+)
You are immune to negative energy. (rN+++)
You do not regenerate when monsters are visible.
You are immune to unholy pain and torment.


Message History

The orc warrior hits you with a +0 war axe!
You barely miss the orc warrior.
The orc warrior is moderately wounded.
The orc wizard hits you but does no damage.
The orc warrior hits you with a +0 war axe!
You closely miss the orc warrior.
The orc warrior is moderately wounded.
The orc wizard points at you and mumbles some strange words.
The puff of flame hits you but does no damage.
The orc warrior hits you but does no damage.
An orc comes into view. It is wielding a +0 hand axe.
The orc shouts!
The orc warrior hits you but does no damage.
A gnoll comes into view. It is wielding a +0 whip.
The orc wizard casts a spell at you.
You easily resist.
You open the door.
A steam dragon and a zombie come into view.
The steam dragon hisses angrily.
A bullfrog comes into view.
There is an open door here.
A kobold brigand comes into view.
It is wielding a +0 dagger and quivering poisoned darts.
Found a scroll of identify.
The kobold brigand throws a poisoned dart.
The poisoned dart barely misses you.
You barely miss the orc wizard.
Okay, then.
You fade into invisibility!
The killer bee zombie closely misses you.
The killer bee zombie hits you but does no damage.
The orc wizard points at you and mumbles some strange words.
The orc warrior appears confused.
The killer bee zombie misses you.
A two-headed ogre comes into view.
It is wielding a +0 giant club and a +0 giant spiked club.
The two-headed ogre shouts in stereo!
The two-headed ogre moves out of view.
The two-headed ogre hits you with a +0 giant club!!
* * * LOW HITPOINT WARNING * * *
The two-headed ogre hits you with a +0 giant spiked club!
You die...

.D.# ##.Z##...##
#..###...##....##
######..#.g#........#
.....#..#o###..####.#
..?...#.oo..........(
#K.#........##.#
####..#.......##..#
#..#.#O#Z.###...#.....##
#.....@.## ##..###..##.
##.....## ##.....##..
###+### .#..###'###..#
..............
....####...### ..
.....### # ###.## # #.
#.


You could see a two-headed ogre, an orc warrior (confused), a kobold brigand, an
orc wizard, a gnoll, an orc and a killer bee zombie.

Vanquished Creatures
  Joseph (D:7)
  A human (D:7)
  4 hogs (D:7)
  Menkaure (D:5)
  3 orc warriors (D:8)
  2 sky beasts
  2 black bears (D:6)
  A hornet zombie (D:7)
  5 ogres
  2 bullfrogs
  Blork the orc (D:5)
  A wyvern skeleton (D:6)
  A centaur zombie (D:6)
  3 jellies
  A bullfrog zombie (D:5)
  2 gnoll shamans
  2 hounds (D:4)
  A bullfrog skeleton (D:6)
  5 iguanas
  An orc wizard (D:6)
  A hell rat (Sewer)
  13 gnolls
  A howler monkey skeleton (D:5)
  5 adders
  4 river rats (Sewer)
  A shadow imp (D:8)
  2 white imps
  An ufetubus (D:4)
  A worm (D:2)
  2 dart slugs
  15 orcs
  5 ball pythons
  11 endoplasms
  7 giant cockroaches
  16 goblins
  8 hobgoblins
  3 kobolds
  A quokka (D:2)
  4 bats
  A frilled lizard (D:2)
  6 rats
148 creatures vanquished.

Notes
Turn   | Place    | Note
-------+----------+-------------------------------------------
     0 | D:1      | HallandMoats the Ghoul Fighter began the quest for the Orb.
     0 | D:1      | Reached XP level 1. HP: 19/19 MP: 0/0
   139 | D:1      | Reached XP level 2. HP: 23/26 MP: 1/1
   460 | D:2      | Reached XP level 3. HP: 31/31 MP: 2/2
  1159 | D:2      | Reached XP level 4. HP: 40/40 MP: 3/3
  1178 | D:2      | Reached skill level 1 in Dodging
  1923 | D:3      | Found a faded altar of an unknown god.
  2458 | D:3      | Reached XP level 5. HP: 37/46 MP: 4/4
  2699 | D:4      | Found a glowing drain.
  2708 | Sewer    | Entered a sewer
  2817 | Sewer    | Reached skill level 4 in Fighting
  2999 | D:3      | Reached XP level 6. HP: 27/52 MP: 5/5
  4594 | D:4      | Reached XP level 7. HP: 57/60 MP: 6/6
  4910 | D:5      | Entered Level 5 of the Dungeon
  4910 | D:5      | Noticed Blork the orc
  4921 | D:5      | Killed Blork the orc
  4962 | D:5      | Reached skill level 1 in Slings
  4962 | D:5      | Reached skill level 1 in Invocations
  5039 | D:5      | Found a staircase to the Ecumenical Temple.
  5051 | D:5      | Reached XP level 8. HP: 55/67 MP: 6/8
  5060 | Temple   | Entered the Ecumenical Temple
  5272 | Temple   | Became a worshipper of Warmaster Okawaru
  5331 | D:5      | Noticed Menkaure
  5338 | D:5      | Killed Menkaure
  5339 | D:5      | Reached skill level 5 in Fighting
  5734 | D:6      | Reached * piety under Okawaru
  6871 | D:6      | Identified the +8 whip of Vodka {vorpal, Will- Str+7
                  | Stlth+}
  6946 | D:7      | Reached XP level 9. HP: 54/75 MP: 10/10
  7220 | D:7      | Reached ** piety under Okawaru
  7228 | D:7      | Reached skill level 5 in Armour
  7285 | D:7      | Reached skill level 6 in Fighting
  7313 | D:7      | Reached skill level 5 in Slings
  7381 | D:7      | Noticed Joseph
  7391 | D:7      | Killed Joseph
  7391 | D:7      | Reached *** piety under Okawaru
  8521 | D:8      | Found a faded altar of an unknown god.
  8521 | D:8      | Found a faded altar of an unknown god.
  8529 | D:8      | Found an ancient bone altar of Kikubaaqudgha.
  8531 | D:8      | Found a blossoming altar of Fedhas.
  8533 | D:8      | Found a sparkling altar of Nemelex Xobeh.
  8654 | D:8      | Reached XP level 10. HP: 66/84 MP: 12/12
  8679 | D:8      | Noticed a two-headed ogre
  8680 | D:8      | HP: 4/84 [two-headed ogre (23)]
  8680 | D:8      | Mangled by a two-headed ogre

Illustrated notes

Levels and vault maps discovered:
D:1:      dpeg_arrival_refuge, layout_rooms
D:2:      minmay_chambers_of_twos, layout_loops_cross, feat_on_display
D:3:      minmay_general_purpose_star, layout_basic,
          shapermc_ecumenical_altar_venn
D:4:      layout_gridville, portal_sewer_entry_d, serial_rivers,
          chequers_serial_rivers_micro_a, chequers_serial_rivers_micro_a,
          chequers_serial_rivers_large_b, chequers_serial_rivers_micro_c,
          minmay_ogre_servants
D:5:      layout_basic, minmay_temple_entry_butterflies, uniq_blork_the_orc,
          uniq_menkaure
D:6:      layout_layer_cave
D:7:      layout_basic, grunt_livestock, chequers_arboretum, uniq_joseph
D:8:      minmay_the_grid_octo_2x2 [minmay_the_grid_octo_chip,
          minmay_the_grid_octo_tetromino_candy, minmay_the_grid_octo_focus,
          minmay_the_grid_octo_prize_ultimate_mussel_roller], layout_loops_ring,
          chequers_temple_overflow_minitemple
Temple:   eino_temple_rhombus

Skill      XL: |  1  2  3  4  5  6  7  8  9 |
---------------+----------------------------+-----
Shields        | 3 4 |  4.7
Armour         | 3 4 5 |  5.7
Dodging        | 1 2 3 4 |  4.8
Unarmed Combat | 3 4 |  4.8
Fighting       | 4 5 6 |  6.8
Slings         | 2 4 5 |  5.9
Invocations    | 1 3 4 |  4.8

Action                   |  1- 3 |  4- 6 |  7- 9 | 10-12 || total
-------------------------+-------+-------+-------+-------++-------
Melee: Unarmed           |   109 |   389 |    47 |    15 ||   560
       Hunting sling     |       |       |     1 |       ||     1
 Fire: Hunting sling     |       |       |   268 |       ||   268
  Use: Scroll            |       |     4 |       |       ||     4
       Potion            |       |     2 |       |     1 ||     3
Armor: Scale mail        |    41 |   122 |    64 |     8 ||   235
Dodge: Dodged            |    42 |   214 |   110 |     7 ||   373
Block: Buckler           |    12 |    85 |    44 |     5 ||   146

Table legend: (Time is in decaauts)
 A = Elapsed time spent in this place.
 B = Non-inter-level travel time spent in this place.
 C = Inter-level travel time spent in this place.
 D = Time resting spent in this place.
 E = Time spent auto-exploring this place.
 F = Levels seen in this place.
 G = Mean time per level.
                   A        B        C        D        E       F      G
               +--------+--------+--------+--------+--------+-----+--------+
         Total |   8708 |   8367 |    341 |    730 |   6066 |  10 |  870.8 |
       Dungeon |   8282 |   7990 |    292 |    730 |   5795 |   8 | 1035.2 |
        Temple |    228 |    179 |     49 |      0 |    166 |   1 |  228.0 |
         Sewer |    196 |    196 |      0 |      0 |    105 |   1 |  196.0 |
               +--------+--------+--------+--------+--------+-----+--------+

Top non-repeatable levels by time:
     D:4: 1777 daAuts
     D:7: 1590 daAuts
     D:3: 1448 daAuts
     D:6: 1217 daAuts
     D:2: 1075 daAuts
     D:5: 561 daAuts
     D:1: 434 daAuts
  Temple: 228 daAuts
   Sewer: 196 daAuts
     D:8: 177 daAuts
